 Dungeon Crawl Stone Soup version 0.21-a0-72-gbbb65ab (webtiles) character file.

2008 Malacante the Gouger (level 9, -5/39 HPs)
             Began as a Felid Berserker on June 20, 2017.
             Was an Elder of Trog.
             Killed by divine providence
             ... invoked by an orc priest
              (16 damage)
             ... on level 8 of the Dungeon.
             The game lasted 00:37:46 (8316 turns).

Malacante the Gouger (Felid Berserker)              Turns: 8316, Time: 00:37:46

Health: -5/39      AC:  2    Str: 14    XL:     9   Next: 2%
Magic:  15/15      EV: 22    Int: 11    God:    Trog [****..]
Gold:   612        SH:  0    Dex: 17    Spells: 8/8 levels left
                                        Lives:  0   Deaths: 2

rFire    . . .     SeeInvis +     - Unarmed
rCold    . . .     Gourm    .   (shield unavailable)
rNeg     . . .     Faith    .   (armour unavailable)
rPois    +         Spirit   .   (helmet unavailable)
rElec    .         Reflect  .   (cloak unavailable)
rCorr    .         Harm     .   (gloves unavailable)
MR       +....                  (boots unavailable)
Stlth    +++++.....             (no amulet)
HPRegen  0.13/turn              s - ring of poison resistance
MPRegen  0.14/turn              (no ring)

@: quick
A: no armour, no weapons or thrown items, stealth, claws 1, fangs 3, see
invisible, carnivore 3, clever 1, speed 1, mutation resistance 1, shaggy fur 2,
slow metabolism 1, sharp paws
a: Berserk, Trog's Hand, Brothers in Arms, Burn Spellbooks, Renounce Religion


You were on level 8 of the Dungeon.
You worshipped Trog.
Trog was greatly pleased with you.
You were very full.

You visited 1 branch of the dungeon, and saw 8 of its levels.
You also visited: Bailey.

You collected 612 gold pieces.

Inventory:

Jewellery
 s - a ring of poison resistance (left paw)
Wands
 t - a wand of flame (23/48)
 v - a wand of digging (14/24)
Scrolls
 b - 2 scrolls of summoning {unknown}
 g - 2 scrolls of immolation
 j - a scroll of remove curse
 l - 2 scrolls of teleportation
 w - a scroll of brand weapon {unknown}
Potions
 c - a potion of mutation
 d - 2 potions of agility
 e - 3 potions of flight {unknown}
 f - a potion of magic {unknown}
 h - 2 potions of degeneration {unknown}
 k - 7 potions of curing {unknown}
 m - 6 potions of heal wounds {unknown}
 n - a potion of lignification {unknown}
 p - 2 potions of might {unknown}
 r - a potion of resistance {unknown}
 u - a potion of invisibility {unknown}
Books
 q - a book of Conjurations

   Spells                             Type                      Level
   a - Magic Dart                     Conjuration                  1
   b - Searing Ray                    Conjuration                  2
   c - Dazzling Spray                 Conjuration/Hexes            3
   d - Fulminant Prism                Conjuration/Hexes            4
   e - Force Lance                    Conjuration/Translocation    4
   f - Iskenderun's Mystic Blast      Conjuration                  4
   Trog disapproves of the use of such an item.
Comestibles
 a - 3 meat rations
 i - 21 chunks of flesh
 o - 2 royal jellies


   Skills:
 - Level 3.9 Fighting
 - Level 6.4 Dodging
 - Level 8.9 Stealth
 - Level 9.8 Unarmed Combat
 + Level 7.9 Evocations


You had 8 spell levels left.
You didn't know any spells.

Dungeon Overview and Level Annotations

Branches:
Dungeon (8/15)             Temple (0/1) D:6
   Lair: D:8-11

Altars:
Kikubaaqudgha
The Shining One


Innate Abilities, Weirdness & Mutations

You cannot wear armour.
You are incapable of wielding weapons or throwing items.
Your paws allow you to move quietly. (Stealth)
You have sharp claws.
You have razor-sharp teeth.
You have supernaturally acute eyesight. (SInv)
You are carnivorous and can eat meat at any time.
You cover ground quickly.
You are covered in thick fur. (AC +2)
You have a slow metabolism.
Your sharp claws are effective at attacking unaware monsters.
Your mind is acute. (Int +2)
You are somewhat resistant to further mutation.


Message History

b - 2 scrolls labeled YMI YCOREHE (gained 1)
The orc knight misses you.
The orc warrior shouts!
The orc knight closely misses you.
There is a gate leading back out of this place here.
The orc warrior hits you from afar with an enchanted glaive!!
Ouch! That really hurt!
* * * LOW HITPOINT WARNING * * *
The orc knight closely misses you.
Welcome back to the Dungeon!
You hear the hiss of flowing sand.
There is an entrance to an ossuary on this level.
Hurry and find it before the portal is buried!
You hear the rapid hiss of a very distant avalanche of sand.
You recover from your berserk rage.
You feel a little less agile now.
There is an empty arch of ancient stone here.
You see here a spear.
The orc priest shouts!
The orc priest calls down the wrath of Beogh upon you.
Beogh smites you!
You die...

# #.
#.#.##########
#.#...........
O............
#.#..$......
#.#......# #
#.#...)..#....
##....)∩)...#
#..@..o)...##
#.###...Z.##
#.# #.....o..
#.# #########
#.# #.# #.#
#.#
#.#########


You could see an orc knight, an ogre (sleeping), an orc priest and a bullfrog
zombie (wandering).

Vanquished Creatures
  A two-headed ogre (D:8)
  7 orc warriors
  A sky beast (D:5)
  A black bear (D:6)
  2 ice beasts (D:5)
  3 ogres
  3 centaurs
  A big kobold (D:7)
  A bullfrog (D:6)
  2 howler monkeys
  A bullfrog zombie (D:6)
  A hound (D:7)
  4 orc priests
  2 jellies (D:6)
  5 orc wizards
  5 worker ants
  A hound skeleton (D:7)
  2 howler monkey zombies
  A worker ant zombie (D:6)
  14 gnolls
  8 adders
  A shadow imp (D:3)
  A white imp (D:4)
  An ooze (D:6)
  3 adder skeletons
  3 worms
  4 dart slugs
  5 leopard geckos
  56 orcs
  A ball python (D:7)
  2 giant cockroaches (D:1)
  14 goblins
  14 hobgoblins
  7 jackals
  14 kobolds
  A quokka (D:4)
  5 bats
  3 frilled lizards
  A goblin skeleton (D:4)
  A goblin zombie (D:4)
  A jackal skeleton (D:6)
  A kobold skeleton (D:4)
  A kobold zombie (D:4)
  A leopard gecko skeleton (D:4)
  A leopard gecko zombie (D:5)
  An orc skeleton (D:4)
  An orc zombie (D:4)
  A quokka zombie (D:6)
  5 rats
216 creatures vanquished.

Vanquished Creatures (collateral kills)
  Prince Ribbit (D:5)
  5 orc warriors (Bailey)
  A phantom (D:5)
  A gnoll sergeant (D:7)
  A crimson imp (D:5)
  An orc wizard (D:5)
  11 orcs
21 creatures vanquished.

Grand Total: 237 creatures vanquished

Notes
Turn   | Place    | Note
-------+----------+-------------------------------------------
     0 | D:1      | Malacante the Felid Berserker began the quest for the Orb.
     0 | D:1      | Reached XP level 1. HP: 10/10 MP: 2/2
   295 | D:1      | Reached XP level 2. HP: 14/14 MP: 3/3
   365 | D:1      | Reached skill level 1 in Stealth
   695 | D:1      | Reached XP level 3. HP: 17/17 MP: 4/4
  1385 | D:2      | Reached ** piety under Trog
  1385 | D:2      | Reached XP level 4. HP: 17/21 MP: 5/5
  1538 | D:2      | Reached skill level 4 in Unarmed Combat
  2240 | D:3      | Reached *** piety under Trog
  2603 | D:3      | Reached XP level 5. HP: 24/24 MP: 6/6
  2710 | D:3      | Noticed an ogre
  2715 | D:3      | Killed an ogre
  2715 | D:3      | Reached skill level 5 in Unarmed Combat
  2815 | D:3      | Gained mutation: You are covered in thick fur. (AC +2) [Felid growth]
  2815 | D:3      | Reached XP level 6. HP: 28/28 MP: 7/7
  3186 | D:4      | Reached skill level 5 in Dodging
  3206 | D:4      | Found a glowing golden altar of the Shining One.
  3232 | D:4      | Killed from afar by a white imp
  3233 | D:4      | Reached XP level 5. HP: -7/25 MP: 6/6
  3355 | D:4      | Reached skill level 5 in Stealth
  3612 | D:4      | Reached skill level 6 in Unarmed Combat
  3612 | D:4      | Reached XP level 6. HP: 28/28 MP: 7/7
  4120 | D:4      | Reached **** piety under Trog
  4338 | D:5      | Entered Level 5 of the Dungeon
  4355 | D:5      | Reached XP level 7. HP: 20/31 MP: 8/8
  4478 | D:5      | Noticed Prince Ribbit
  4482 | D:5      | Killed Prince Ribbit
  4484 | D:5      | Reached skill level 7 in Unarmed Combat
  4802 | D:5      | Reached XP level 8. HP: 18/36 MP: 9/9
  5107 | D:6      | Reached skill level 8 in Unarmed Combat
  5465 | D:6      | Found a staircase to the Ecumenical Temple.
  5570 | D:6      | Reached skill level 9 in Unarmed Combat
  6755 | D:7      | Found an ancient bone altar of Kikubaaqudgha.
  6938 | D:7      | Reached XP level 9. HP: 39/39 MP: 10/10
  7130 | D:7      | Reached skill level 1 in Evocations
  7418 | D:7      | Reached ***** piety under Trog
  7662 | D:8      | Noticed a two-headed ogre
  7681 | D:8      | Killed a two-headed ogre
  7681 | D:8      | Reached skill level 5 in Evocations
  7787 | D:8      | Found a flagged portal.
  7795 | Bailey   | Entered a bailey
  8141 | Bailey   | Mangled by an orc warrior
  8142 | Bailey   | Reached XP level 8. HP: -7/36 MP: 13/13
  8248 | Bailey   | Gained mutation: Your mind is acute. (Int +2) [potion of mutation]
  8248 | Bailey   | Gained mutation: You are somewhat resistant to further mutation. [potion of mutation]
  8269 | Bailey   | Reached XP level 9. HP: 27/39 MP: 15/15
  8300 | Bailey   | Noticed an orc knight
  8316 | D:8      | Killed from afar by an orc priest

Vault maps used:
D:1:      minmay_arrival_up_and_down
D:2:      cheibrodos_greedy_goblins
D:3:      kennysheep_pointless_box
D:4:      nicolae_tso_besieged_by_evil, first_bread
D:5:      uniq_prince_ribbit1
D:6:      minmay_temple_entry_butterflies
D:7:      basic_altar
D:8:      serial_shops, shop, enter_ossuary_1, enter_bailey_2, the_bakery,
          kennysheep_generic_room_13
Bailey:   bailey_polearm_5, bailey

Skill      XL: |  1  2  3  4  5  6  7  8  9 |
---------------+----------------------------+-----
Stealth        | 1 3 5 6 8 |  8.9
Unarmed Combat | 4 6 7 9 |  9.8
Dodging        | 5 6 |  6.4
Evocations     | 7 5 |  7.9
Fighting       | |  3.9

Action                   |  1- 3 |  4- 6 |  7- 9 || total
-------------------------+-------+-------+-------++-------
Melee: Unarmed           |    68 |   176 |   229 ||   473
       Bite              |     8 |    12 |    20 ||    40
       Punch             |       |     2 |     9 ||    11
Invok: Berserk           |     3 |     8 |    13 ||    24
       Trog's Hand       |       |     1 |     4 ||     5
       Brothers in Arms  |       |       |     5 ||     5
  Use: Scroll            |     3 |     3 |     6 ||    12
       Potion            |       |       |     3 ||     3
 Stab: Sleeping          |     4 |    11 |     9 ||    24
  Eat: Chunk             |    11 |    18 |    27 ||    56
Armor: Skin              |     2 |     4 |     8 ||    14
Dodge: Dodged            |    44 |   119 |   200 ||   363
